[Event "FIDE WY-U16 Olympiad 2022"]
[Site "Nakhchivan"]
[Date "2022.10.02"]
[Round "1.5"]
[White "Wiratunga, Jenith"]
[Black "Madaminov, Mukhiddin"]
[Result "0-1"]
[ECO "E04"]
[WhiteElo "1741"]
[BlackElo "2425"]
[Annotator "TA"]
[PlyCount "61"]
[EventDate "2022.10.02"]
[EventType "team-tourn"]
[EventCountry "AZE"]
[SourceTitle "playchess.com"]
[Source "ChessBase"]
[SourceQuality "1"]
[WhiteTeam "Sri Lanka"]
[BlackTeam "Uzbekistan"]
[WhiteTeamCountry "SRI"]
[BlackTeamCountry "UZB"]
[TimeControl "40/5400+30:1800+30"]

1. d4 Nf6 2. c4 e6 3. g3 d5 4. Bg2 dxc4 5. Nf3 a6 6. O-O Nc6 7. b3 {[%emt 0:18:21] E04: Open Catalan: 5 Nf3.} cxb3 8. axb3 Be7 9. Bb2 {[%emt 0:03:23] The position is equal.} O-O 10. Nbd2 {[%emt 0:01:40][%cal Bb1d2,Bd2c4,Bc4e5][%mdl 32] [#]} Bd7 $146 ({Predecessor:} 10... Nb4 11. Ne5 c5 12. Ndc4 Rb8 13. Qc1 cxd4 14. Rd1 Bc5 15. Na5 Qb6 16. Qf4 Bd7 {1-0 (24) Zeller,F (2395)-Georgiadis,N (2483) Switzerland 2016}) 11. Nc4 Rb8 12. Qb1 Nb4 13. Nce5 Bb5 14. Re1 h6 15. h4 Nc6 16. Nc4 Bb4 17. Rd1 Qe7 18. Qc2 Rfd8 19. Na3 Na7 20. Nxb5 Nxb5 21. Ne5 c5 22. dxc5 Bxc5 23. e3 Ba3 24. Nc4 Bxb2 25. Qxb2 Nd5 26. Bxd5 exd5 27. Nb6 (27. Na3 $15) 27... d4 28. exd4 {[%emt 0:02:28] [#] White does not recover from this.} (28. Nc4 $17) 28... Qf6 $1 $19 29. Nc4 Nxd4 {[%emt 0:00:10] aiming for ...b5.} ({And not} 29... Rxd4 30. Rac1 $17) 30. Qa3 $2 (30. Kf1) 30... Nc2 31. Qa5 {[%emt 0:00:00] Weighted Error Value: White=0.35/Black=0.07 (flawless)} 0-1

[Event "FIDE WY-U16 Olympiad 2022"]
[Site "Nakhchivan"]
[Date "2022.10.02"]
[Round "1.6"]
[White "Begmuratov, Khumoyun"]
[Black "Kiriella, K G T S D"]
[Result "1-0"]
[ECO "C00"]
[WhiteElo "2353"]
[BlackElo "1907"]
[Annotator "TA"]
[PlyCount "129"]
[EventDate "2022.10.02"]
[EventType "team-tourn"]
[EventCountry "AZE"]
[SourceTitle "playchess.com"]
[Source "ChessBase"]
[SourceQuality "1"]
[WhiteTeam "Uzbekistan"]
[BlackTeam "Sri Lanka"]
[WhiteTeamCountry "UZB"]
[BlackTeamCountry "SRI"]
[TimeControl "40/5400+30:1800+30"]

1. e4 e6 2. d3 d5 3. Nd2 c5 4. Ngf3 Nc6 5. g3 Nf6 6. Bg2 Be7 7. O-O dxe4 8. dxe4 e5 9. c3 Be6 10. Ng5 Bc8 11. Nc4 Qxd1 12. Rxd1 O-O 13. Nf3 Bg4 {[%emt 0:03:05] [#]} 14. h3 $146 {[%emt 0:03:33] C00: French: Unusual White 2nd moves.} ({Predecessor:} 14. Ne3 Rfd8 15. Re1 Be6 16. Nf5 Bf8 17. Bg5 Rd3 18. N3h4 Ne8 19. Bc1 Rad8 20. Ne3 Nc7 21. f4 f6 22. Nf3 {0-1 (47) De Rover,Y (2196)-Leeuwenburgh,E Leiden 2003}) 14... Bxf3 15. Bxf3 Rfd8 16. Re1 {[%emt 0:01:44] White is better.} Nd7 17. a4 Nb6 18. Be2 Nxc4 19. Bxc4 Na5 20. Bd5 Rac8 21. Be3 b6 22. b3 Kf8 23. Rab1 Rc7 24. Rec1 Nc6 25. Kf1 h6 26. h4 {[%emt 0:00:23] Against Bg5} g5 ({Black should try} 26... h5) 27. Ke2 $16 f5 28. hxg5 hxg5 29. Rh1 f4 30. Bd2 {[%emt 0:02:51] This bishop pair is nice.} Bf6 31. Rh6 Ke7 (31... Rd6 $16 32. Rg1 Rg7) 32. Rbh1 $18 Rf8 {[%emt 0:00:50] [#]} 33. Rg6 $1 Nb8 34. gxf4 gxf4 35. Rh7+ Kd6 $2 (35... Kd8 36. Rh5 Re7) 36. Rhh6 Nd7 37. Bc4 Ke7 38. f3 Rcc8 39. Bb5 Rcd8 40. Rh7+ $2 (40. Be1 $18 {and White stays clearly on top.}) 40... Rf7 $16 41. Rhh6 {[%emt 0:31:56] White has more active pieces.} (41. Rh2 $16) 41... Nf8 42. Rg4 Rg7 {[%emt 0:00:00] [#] aiming for ...Rxg4.} 43. Rxg7+ Bxg7 44. Rc6 {[%emt 0:00:00] Rc7+ is the strong threat.} Ne6 {[%emt 0:00:00] Against Rc7+} 45. Bc4 Nf8 46. Be1 {[%emt 0:00:00] Black must now prevent Bh4+.} Rd6 (46... Kd7 $14 47. Bb5 a6) 47. Rc8 {[%emt 0:00:00] Threatens to win with Ra8.} Bf6 48. Ra8 a5 {[%emt 0:00:00] This move loses the game for Black.} (48... Rd7 $16 {was necessary.}) 49. b4 $18 axb4 50. cxb4 {[%emt 0:00:00] Strongly threatening a5.} Rd4 51. Bd5 cxb4 52. Bf2 Rxd5 53. exd5 {[%emt 0:00:00][%mdl 4096] Endgame KRB-KBN} b3 $2 (53... Nd7 54. Rc8 e4 55. fxe4 b3) 54. Kd1 (54. Bxb6 $142 {And now Bc5+ would win.} Nd7 55. Bd8+ Kd6 56. Ra6+ Kxd5 57. Bxf6) 54... Nd7 55. Ra6 (55. Kc1 e4 $16) 55... Kd6 $2 (55... e4 {is tougher.}) 56. a5 {[%emt 0:00:00] White is clearly winning.} ({Weaker is} 56. Kc1 Kxd5 57. Bxb6 e4 $16) 56... Kxd5 57. Ra7 ({Less strong is} 57. Kc1 bxa5 58. Rxa5+ Kc6 $11) 57... bxa5 58. Rxd7+ Kc4 59. Ra7 e4 60. fxe4 Bc3 61. e5 Kd5 62. Rb7 Bb4 63. Rb5+ Kc6 64. Rb6+ Kd5 65. e6 {[%emt 0:00:08] Weighted Error Value: White=0.30/Black=0.44} 1-0

[Event "FIDE WY-U16 Olympiad 2022"]
[Site "Nakhchivan"]
[Date "2022.10.02"]
[Round "1.6"]
[White "Navaratnam, Ishaan Quan Tze"]
[Black "Akin, Yagiz Cinar"]
[Result "0-1"]
[ECO "C50"]
[WhiteElo "1862"]
[BlackElo "2249"]
[Annotator "TA"]
[PlyCount "106"]
[EventDate "2022.10.02"]
[EventType "team-tourn"]
[EventCountry "AZE"]
[SourceTitle "playchess.com"]
[Source "ChessBase"]
[SourceQuality "1"]
[WhiteTeam "Malaysia"]
[BlackTeam "Turkey"]
[WhiteTeamCountry "MAS"]
[BlackTeamCountry "TUR"]
[TimeControl "40/5400+30:1800+30"]

1. e4 e5 2. Nf3 Nc6 3. Bc4 Nf6 4. d3 Bc5 5. O-O d6 6. c3 Bg4 7. a4 {[%emt 0:01:37] Hoping for b4. C54: Giuoco Piano: 4 c3 Nf6, main lines with 5 d4 and 5 d3.} a6 8. Nbd2 O-O 9. h3 {[%emt 0:01:09] White is slightly better.} Be6 10. Bxe6 fxe6 11. b4 Ba7 12. Nc4 {[%emt 0:01:23] [#]} b5 $146 ({Predecessor:} 12... Qe8 13. Bg5 Ne7 14. a5 h6 15. Bc1 Kh7 16. Re1 Ng6 17. Bd2 Rd8 18. Rc1 Rd7 {½-½ (25) Eldridge,M (2350)-Spanton,T ICCF email 2011}) 13. axb5 axb5 14. Na5 Ne7 15. Qe2 Bb6 16. d4 exd4 17. cxd4 Qd7 18. Bg5 Ng6 (18... h6 $5 19. Bxf6 Rxf6 $11) 19. Rfd1 (19. Qc2 $11) 19... h6 20. Bxf6 (20. Bd2 $15) 20... Rxf6 $17 21. e5 Rf5 22. Ra3 (22. exd6 $15 Raf8 23. dxc7) 22... Raf8 (22... dxe5 $17 23. dxe5 Qe8) 23. Qe4 (23. Qc2 $15) 23... dxe5 24. Nc6 {[%emt 0:11:47][%cal Rc6e5] [#]} exd4 $1 25. Ncxd4 R5f6 {[%emt 0:03:43][%cal Oe6e5] Threatens to win with ...e5!} 26. Rad3 Qd5 (26... Qe8 $17 27. R3d2 e5) 27. Qxd5 $1 $11 exd5 28. Nxb5 (28. R3d2 $1 $11) 28... Nf4 $19 29. Ra3 {[%emt 0:08:19] [#]} Nxh3+ $1 30. gxh3 {[%emt 0:00:04] Rdd3 is the strong threat.} Rxf3 31. Rxf3 Rxf3 {[%emt 0:00:04][%mdl 4096] Endgame KRB-KRN} 32. Rd2 Rxh3 33. Rxd5 Rf3 34. Rd2 h5 35. Rc2 Rf7 36. Kg2 g5 37. f3 Kg7 38. Rc6 Rd7 39. Kg3 $2 (39. Kh3 $17) 39... Be3 40. Kg2 Bf4 41. Kg1 $2 (41. Nc3) 41... h4 {[%emt 0:31:07][%cal Bh5h4,Bh4h3,Bh3h2][%mdl 32] aiming for ...h3.} 42. Kg2 (42. Re6 $142 h3 43. Re1) 42... Rd2+ 43. Kh3 Rh2+ 44. Kg4 Rg2+ 45. Kf5 h3 {[%emt 0:00:17] And now ...h2 would win.} 46. Nxc7 h2 47. Ne6+ Kh7 48. Nxf4 gxf4 {[%emt 0:00:00] KR-KR} 49. Rc7+ Rg7 50. Rc1 Rg1 51. Rc7+ Kg8 52. Rc8+ Kf7 53. Rc7+ Ke8 {[%emt 0:00:00] Weighted Error Value: White=0.75/Black=0.11 (very precise)} 0-1

[Event "FIDE WY-U16 Olympiad 2022"]
[Site "Nakhchivan"]
[Date "2022.10.02"]
[Round "1.7"]
[White "Yavuz, Efe Metehan"]
[Black "Emran, Muhammad Emir Rasyid"]
[Result "1-0"]
[ECO "A35"]
[WhiteElo "2215"]
[BlackElo "1634"]
[Annotator "TA"]
[PlyCount "103"]
[EventDate "2022.10.02"]
[EventType "team-tourn"]
[EventCountry "AZE"]
[SourceTitle "playchess.com"]
[Source "ChessBase"]
[SourceQuality "1"]
[WhiteTeam "Turkey"]
[BlackTeam "Malaysia"]
[WhiteTeamCountry "TUR"]
[BlackTeamCountry "MAS"]
[TimeControl "40/5400+30:1800+30"]

1. Nf3 c5 2. c4 Nf6 3. Nc3 Nc6 4. e3 g6 5. d4 cxd4 6. exd4 d5 7. cxd5 Nxd5 8. Qb3 Nb6 {[%emt 0:08:00] A35: Symmetrical English: 2 Nc3 Nc6 3 Nf3.} (8... e6 $11 {keeps the balance.}) 9. d5 $16 Nb8 10. Bb5+ Bd7 {[%emt 0:01:43] White is clearly better.} 11. O-O {[%emt 0:00:51] White is more active.} Bg7 12. Bg5 {[%emt 0:02:02][%cal Og5e7] [#] Hoping for Bxe7!} f6 $146 {[%emt 0:13:06] This move loses the game for Black.} (12... O-O $16) ({Predecessor:} 12... O-O 13. Rfe1 Bf6 14. Bxf6 exf6 15. Rad1 Bg4 16. Be2 N8d7 17. d6 Re8 18. Ng5 fxg5 19. Bxg4 {1-0 (34) Plischki,S (2440)-Roesemann,R (2248) Marianske Lazne 2014}) 13. d6 $18 Nc6 (13... e6) 14. dxe7 Qc8 15. Ne4 Kxe7 16. Qa3+ Kd8 17. Nxf6 Bxf6 18. Bxf6+ Kc7 19. Nd4 {[%emt 0:03:31] [#] Qg3+ would kill now.} Qf8 20. Qg3+ Qd6 21. Qxd6+ Kxd6 22. Bxh8 {[%emt 0:00:55] A strong pair of Bishops.} Nxd4 23. Bxd4 Bxb5 24. Rfe1 Nd5 25. Be5+ Ke6 26. Rad1 Bc6 27. b4 a6 28. a4 b5 29. a5 Kf5 $2 (29... Re8 30. Bd4+ Kf7 31. Rxe8 Bxe8) 30. Bb2 {[%emt 0:01:58] Strongly threatening Re5+.} Kg5 31. Re5+ Kh6 32. Rd4 Kg7 33. Rdxd5 Bxd5 34. Rxd5+ {[%emt 0:00:02][%mdl 4096] Endgame KRB-KR} Kf7 35. Bd4 Ke6 36. Re5+ Kd6 37. f4 Rd8 38. Kf2 Kc6 39. Ke3 {[%emt 0:00:08] Black must now prevent Ke4.} Rd6 40. Ke4 {[%emt 0:00:12] Intending Re7 and mate.} Kd7 {[%emt 0:00:38] Prevents Re7+.} 41. Rd5 {[%emt 0:30:05] White mates.} Ke6 42. Rxd6+ Kxd6 {[%emt 0:00:03] KB-KP} 43. Be5+ Kc6 44. g4 h6 45. f5 gxf5+ 46. gxf5 {[%emt 0:00:01] KB-K3P} h5 47. f6 Kd7 48. Kd5 h4 49. Bd6 Kc8 50. Kc6 h3 51. f7 Kd8 52. f8=Q# {[%emt 0:00:13] Weighted Error Value: White=0.58/Black=0.51} 1-0

[Event "FIDE WY-U16 Olympiad 2022"]
[Site "Nakhchivan"]
[Date "2022.10.02"]
[Round "1.7"]
[White "Nabil Nazar, Mohamed"]
[Black "Suyarov, Mukhammadzokhid"]
[Result "0-1"]
[ECO "A40"]
[WhiteElo "1861"]
[BlackElo "2159"]
[Annotator "TA"]
[PlyCount "76"]
[EventDate "2022.10.02"]
[EventType "team-tourn"]
[EventCountry "AZE"]
[SourceTitle "playchess.com"]
[Source "ChessBase"]
[SourceQuality "1"]
[WhiteTeam "Sri Lanka"]
[BlackTeam "Uzbekistan"]
[WhiteTeamCountry "SRI"]
[BlackTeamCountry "UZB"]
[TimeControl "40/5400+30:1800+30"]

1. d4 e6 2. Bf4 Nf6 3. e3 b6 4. Nf3 Bb7 5. Nbd2 Be7 6. Bd3 c5 7. c3 O-O {[%emt 0:00:55] 7...cxd4 gains popularity.} 8. Qc2 {[%emt 0:04:16] A47: 1 d4 Nf6 2 Nf3 b6: Torre, London and Colle Systems.} Ba6 9. O-O Bxd3 10. Qxd3 {[%emt 0:01:44] The position is equal.} Nc6 {[%emt 0:01:22] [#]} 11. h3 $146 (11. Ne5 {with more complications.} Qc8 12. a4 Nh5 13. Nxc6 Qxc6 14. Nf3) ({Predecessor:} 11. e4 cxd4 12. Nxd4 Nxd4 13. cxd4 d5 14. e5 Nd7 15. Qg3 Kh8 16. Nf3 Rc8 17. Rac1 {0-1 (38) Hadlich,W (1854)-Beilfuss,W (2148) Radebeul 2019}) 11... d5 12. Rad1 Rc8 13. Rfe1 Qd7 14. Ne5 Qb7 15. a3 Rfd8 16. Bg5 {[%emt 0:08:29] [#]} (16. Nxc6 $11 Rxc6 17. Qe2) 16... Nxe5 $1 $17 {[%emt 0:04:18] White is on the road to losing.} 17. dxe5 {[%emt 0:00:11] [#]} Nd7 ({Of course not} 17... c4 18. Qc2 Ne8 19. Nf3 $14) 18. Bf4 c4 19. Qc2 Nc5 20. Re2 b5 21. Kh2 a5 22. Rb1 b4 23. axb4 axb4 24. cxb4 Nd3 25. b3 $2 (25. b5) 25... d4 $19 {[%emt 0:00:19] Black is clearly winning.} 26. bxc4 Nxf4 27. exf4 {[%emt 0:00:39] Threatens to win with Qb3.} d3 28. Qd1 {[%emt 0:00:31] Hoping for Re4.} dxe2 29. Qxe2 Bxb4 30. Ne4 Qe7 {[%emt 0:00:12] Against Nd6} 31. Qa2 Rd4 32. Qa6 Rdxc4 33. Nd6 Bxd6 34. exd6 Qd8 35. Rb7 R4c6 36. Qa7 Ra8 37. Rd7 Qc8 38. Rc7 Rxa7 {[%emt 0:00:07] Weighted Error Value: White=0.42/Black=0.04 (flawless)} 0-1

[Event "FIDE WY-U16 Olympiad 2022"]
[Site "Nakhchivan"]
[Date "2022.10.02"]
[Round "1.8"]
[White "Omonova, Umida"]
[Black "Gamage, Desandhi Dhihansa"]
[Result "1-0"]
[ECO "B51"]
[WhiteElo "2196"]
[BlackElo "1624"]
[Annotator "TA"]
[PlyCount "59"]
[EventDate "2022.10.02"]
[EventType "team-tourn"]
[EventCountry "AZE"]
[SourceTitle "playchess.com"]
[Source "ChessBase"]
[SourceQuality "1"]
[WhiteTeam "Uzbekistan"]
[BlackTeam "Sri Lanka"]
[WhiteTeamCountry "UZB"]
[BlackTeamCountry "SRI"]
[TimeControl "40/5400+30:1800+30"]

1. e4 c5 2. Nf3 d6 3. Bb5+ Nd7 4. O-O a6 5. Bxd7+ Bxd7 6. Re1 Bg4 {[%emt 0:13:13] B51: Sicilian: Moscow Variation (3 Bb5+) without 3...Bd7.} 7. h3 Bh5 8. c3 e6 {[%emt 0:10:16] The position is equal.} 9. d3 Be7 10. Nbd2 Nf6 {[%emt 0:01:05] [#]} 11. Qb3 $146 ({Predecessor:} 11. Nf1 O-O 12. Ng3 Bg6 13. Nh4 d5 14. Nxg6 hxg6 15. Qe2 dxe4 16. dxe4 e5 17. Bg5 {1-0 (32) Martinez Alcantara,J (2591)-Bernadskiy,V (2617) Chess.com INT 2022}) 11... Qc7 12. a4 b6 ({Better is} 12... Rd8 $15) 13. d4 (13. g4 $5 Bg6 14. Nc4 $11) 13... O-O 14. Nh2 Bg6 15. Nhf3 Qb7 16. e5 Nd5 17. Nc4 dxe5 18. Ncxe5 Bf5 19. Bd2 Rad8 20. Rad1 Nc7 ({Black should try} 20... Nf6 $11) 21. Be3 $14 {[%emt 0:01:01] Strongly threatening dxc5. White is more active.} cxd4 (21... f6 $142) 22. Nxd4 $16 Be4 23. f3 Bd6 (23... Bf6 $16 {was necessary.}) 24. Nc4 $18 ({Not} 24. fxe4 Bxe5 25. Bf2 Bf6 $14) 24... Bd5 25. Qxb6 Bg3 {[%emt 0:00:32] [#]} 26. Qxb7 Bxb7 {[%emt 0:00:04] A strong pair of Bishops.} 27. Bf2 Bf4 (27... Bxf2+ 28. Kxf2 Ba8) 28. Na5 Bd5 29. c4 Ba8 30. Ndc6 {[%emt 0:00:14] Weighted Error Value: White=0.11 (very precise) /Black=0.32} 1-0

[Event "FIDE WY-U16 Olympiad 2022"]
[Site "Nakhchivan"]
[Date "2022.10.02"]
[Round "1.8"]
[White "Thamil Manni, Swetha"]
[Black "Baloglu, Dila"]
[Result "0-1"]
[ECO "A45"]
[WhiteElo "1428"]
[BlackElo "1752"]
[Annotator "NA RC COMBH"]
[PlyCount "106"]
[EventDate "2022.10.02"]
[EventType "team-tourn"]
[EventCountry "AZE"]
[SourceTitle "playchess.com"]
[Source "ChessBase"]
[SourceQuality "1"]
[WhiteTeam "Malaysia"]
[BlackTeam "Turkey"]
[WhiteTeamCountry "MAS"]
[BlackTeamCountry "TUR"]
[TimeControl "40/5400+30:1800+30"]

1. d4 Nf6 2. Bf4 g6 3. Nc3 d5 4. Nf3 Bg7 5. Qd2 c6 6. h4 h5 7. Ng5 O-O 8. O-O-O b5 9. e4 b4 10. Ne2 Qa5 11. Kb1 Nxe4 12. Nxe4 dxe4 13. Bxb8 Rxb8 14. Qf4 Be6 15. Nc1 Qd5 16. b3 Qa5 17. Qxe4 c5 18. Ne2 Rfd8 19. Qc6 cxd4 20. Nf4 d3 21. Nxd3 Qa3 22. Qa4 Rxd3 23. Qxa3 Rxd1+ 24. Qc1 Rxc1+ 25. Kxc1 Bh6+ 26. Kd1 Rd8+ 27. Bd3 Bf5 28. Ke2 Bxd3+ 29. cxd3 Rc8 30. Re1 Rc2+ 31. Kf3 Rxa2 32. Rxe7 Ra3 33. Ke4 Rxb3 34. Rxa7 Rb1 35. Rb7 b3 36. d4 b2 37. Rb8+ Kg7 38. Kf3 Bc1 39. d5 Ra1 40. d6 b1=Q 41. Rxb1 Rxb1 42. d7 Rb8 43. Ke2 Rd8 44. g3 Rxd7 45. Kf3 Kf6 46. Kg2 g5 47. hxg5+ Kxg5 48. Kf3 f5 49. Kg2 f4 50. gxf4+ Kxf4 51. f3 Rd2+ 52. Kh3 h4 53. Kxh4 Rh2# 0-1

[Event "FIDE WY-U16 Olympiad 2022"]
[Site "Nakhchivan"]
[Date "2022.10.02"]
[Round "1.9"]
[White "Pranav Vijay"]
[Black "Mendez Machado, Andre"]
[Result "1-0"]
[ECO "C78"]
[WhiteElo "2265"]
[BlackElo "2003"]
[Annotator "TA"]
[PlyCount "63"]
[EventDate "2022.10.02"]
[EventType "team-tourn"]
[EventCountry "AZE"]
[SourceTitle "playchess.com"]
[Source "ChessBase"]
[SourceQuality "1"]
[WhiteTeam "India"]
[BlackTeam "Panama"]
[WhiteTeamCountry "IND"]
[BlackTeamCountry "PAN"]
[TimeControl "40/5400+30:1800+30"]

1. e4 e5 2. Nf3 Nc6 3. Bb5 a6 4. Ba4 Nf6 5. O-O b5 6. Bb3 Bc5 7. c3 d6 8. d3 h6 9. Be3 {[%emt 0:05:43] 9.Nbd2 is becoming the main line. C78: Ruy Lopez: Archangelsk and Möller Defences.} Bxe3 10. fxe3 Na5 11. Bc2 {[%emt 0:00:40] The position is equal.} c5 12. Nbd2 O-O 13. Qe1 {[%emt 0:00:24] [#]} Re8 $146 ({Predecessor:} 13... Nc6 14. Nh4 Be6 15. Nf5 Bxf5 16. Rxf5 Ne7 17. Rf3 Ra7 18. Nf1 Ng6 19. Ng3 Nh4 {½-½ (43) Kosintseva,N (2460)-Ruan,L (2499) Ningbo 2008}) 14. Qg3 Nh5 15. Qf2 Ra7 16. h3 g6 17. d4 Ng7 18. d5 c4 (18... Rf8 $11 {remains equal.}) 19. b4 $16 cxb3 20. axb3 Qb6 (20... Kh7 $142) 21. b4 Nb7 22. Rae1 {[%emt 0:05:37] [#] Hoping for Qh4. White is more active.} Qd8 23. Nd4 exd4 $2 (23... Na5) 24. Qxf7+ $18 Kh8 25. exd4 Qe7 (25... Qg5 $142 26. Nf3 Qg3) 26. Qxg6 {[%emt 0:00:36] White is clearly winning.} Qg5 {[%emt 0:00:26] [#]} 27. e5 $1 Qxg6 28. Bxg6 Rg8 29. Bf7 Nf5 (29... dxe5 $142 30. Bxg8 Kxg8 31. dxe5 Nd8) 30. Bxg8 Kxg8 31. Ne4 {[%emt 0:00:17] And now e6 would win.} Ne7 32. Nxd6 {[%emt 0:00:50] Weighted Error Value: White=0.19 (very precise) /Black=0.48} 1-0

[Event "FIDE WY-U16 Olympiad 2022"]
[Site "Nakhchivan"]
[Date "2022.10.02"]
[Round "1.9"]
[White "Ismayilova, Khanim"]
[Black "Azadaliyev, Jahandar"]
[Result "0-1"]
[ECO "A35"]
[WhiteElo "1901"]
[BlackElo "2304"]
[Annotator "TA"]
[PlyCount "54"]
[EventDate "2022.10.02"]
[EventType "team-tourn"]
[EventCountry "AZE"]
[SourceTitle "playchess.com"]
[Source "ChessBase"]
[SourceQuality "1"]
[WhiteTeam "Azerbaijan"]
[BlackTeam "Azerbaijan"]
[WhiteTeamCountry "AZE"]
[BlackTeamCountry "AZE"]
[TimeControl "40/5400+30:1800+30"]

1. c4 c5 2. Nc3 Nc6 3. Nf3 Nf6 4. e3 e5 5. d4 e4 6. Ng5 cxd4 7. exd4 Bb4 8. d5 Ne5 9. Be2 {[%emt 0:04:02] A34: Symmetrical English: 2 Nc3, lines with ...d5.} (9. Bd2 $11) 9... h6 {[%emt 0:00:46] [#]} ({Black should try} 9... Bxc3+ $15 10. bxc3 d6) 10. Nh3 $146 (10. Qd4 $14 {keeps the upper hand.} Nd3+ 11. Bxd3 exd3 12. Nf3) ({Predecessor:} 10. Qd4 d6 11. Ngxe4 Nxe4 12. Qxe4 O-O 13. O-O f5 14. Qc2 f4 15. f3 Bc5+ 16. Kh1 Qh4 {0-1 (26) Elguezabal Varela,D (2300)-Bellon Lopez,J (2415) Spain 1993}) 10... O-O {[%emt 0:00:29] Black is much more active.} (10... Bxc3+ $17 11. bxc3 O-O) 11. O-O ({Better is} 11. Qb3 $15 Bxc3+ 12. Qxc3) 11... d6 (11... Bxc3 $17 12. bxc3 d6) 12. Nf4 (12. Qb3 $15 Bxc3 13. Qxc3) 12... Bf5 (12... Bxc3 $17 13. bxc3 b6) 13. Qb3 $15 Bxc3 14. Qxc3 Rc8 $1 ({Reject} 14... g5 15. Nh5 $11) 15. Qb4 Nd3 (15... g5 $15 16. Nh5 Nxh5 17. Bxh5 Rxc4 18. Qxb7 Rc7) 16. Bxd3 (16. Qa3 $5 ) 16... exd3 17. Rd1 Re8 18. b3 {[%emt 0:02:04] [#]} Ng4 (18... b5 $1 $17 {Strongly threatening ...bxc4.} 19. Bb2 bxc4 20. bxc4 Ng4) 19. Bb2 $2 {[%emt 0:01:52][%mdl 8192] This move loses the game for White.} (19. h3 $15 a5 20. Qc3 (20. Qxb7 Qf6 $17)) 19... Qh4 $1 $19 20. Nh3 Re2 21. Qc3 Ne5 22. Qd4 Re4 23. Qc3 Bxh3 (23... Rg4 $142 {( -> ...Qxh3)} 24. Qxe5 dxe5 25. Rxd3 Bxd3 26. Bxe5 Qxh3) 24. gxh3 (24. Rxd3 $19 Bf5 25. Rd4) 24... Qxh3 (24... Re2 $142 25. Rf1 Qxh3 26. Qxe5 dxe5 27. Rac1 Rxb2 28. a3 Qg4+ 29. Kh1 Qf3+ 30. Kg1 Rxb3 31. c5 Rxa3 32. c6 {[#]} Rxc6 $1 33. Rxc6 bxc6 34. h3 cxd5 35. Kh2 d2 36. Kg1 Ra6 37. Kh2 Rg6 38. Rg1 Qxf2+ 39. Kh1 Rxg1#) 25. Kh1 Qf3+ {[%emt 0:00:04] Black mates.} 26. Kg1 Rg4+ 27. Kf1 Qe2# {[%emt 0:00:02] Weighted Error Value: White=1.67/Black=0.69} 0-1

[Event "FIDE WY-U16 Olympiad 2022"]
[Site "Nakhchivan"]
[Date "2022.10.02"]
[Round "1.10"]
[White "Aslanov, Umid"]
[Black "Nuriyeva, Nurtan"]
[Result "1-0"]
[ECO "B90"]
[WhiteElo "2273"]
[BlackElo "1691"]
[Annotator "TA"]
[PlyCount "92"]
[EventDate "2022.10.02"]
[EventType "team-tourn"]
[EventCountry "AZE"]
[SourceTitle "playchess.com"]
[Source "ChessBase"]
[SourceQuality "1"]
[WhiteTeam "Azerbaijan"]
[BlackTeam "Azerbaijan"]
[WhiteTeamCountry "AZE"]
[BlackTeamCountry "AZE"]
[TimeControl "40/5400+30:1800+30"]

1. e4 c5 2. Nf3 d6 3. d4 cxd4 4. Nxd4 Nf6 5. Nc3 a6 6. Bc4 e5 7. Nf5 Bxf5 {[%emt 0:01:55] B90: Sicilian Najdorf: Unusual White 6th moves, 6 Be3 Ng4 and 6 Be3 e5.} 8. exf5 Qc8 9. Bd5 Nc6 $1 {[%emt 0:04:57] [#] The position is equal.} 10. Bxc6+ $146 ({Predecessor:} 10. O-O Qxf5 11. f4 Qd7 12. Re1 Nxd5 13. Qxd5 Be7 14. fxe5 dxe5 15. Be3 Bb4 16. Rad1 Qc7 17. Ne4 O-O {0-1 (17) Arboleda Orozco,J (2015)-Hernandez,C (2252) Medellin 2017}) 10... bxc6 11. Qf3 Rb8 12. O-O Be7 13. Re1 h5 ({Black should play} 13... O-O $15) 14. Qd3 Rb4 15. a3 Rd4 16. Qe2 Nd5 17. Ne4 Qxf5 18. c3 Rxe4 19. Qxe4 Qxe4 20. Rxe4 Kd7 21. Bd2 Rb8 22. b4 f5 23. Ree1 Nb6 $1 24. f3 Nc4 {[%emt 0:01:22][%mdl 1024] Black has compensation.} 25. Ra2 d5 26. a4 g6 27. Rb1 Rb7 28. Be1 a5 29. Raa1 e4 30. bxa5 Bc5+ ({Black should try} 30... Ra7 $14) 31. Bf2 $16 Rxb1+ 32. Rxb1 {[%emt 0:00:12][%mdl 4096] Endgame KRB-KBN} e3 {[%emt 0:00:08] [#]} 33. Bg3 (33. Be1 $1 $18) 33... Nxa5 {[%emt 0:00:59] This costs Black the game.} (33... f4 $16 34. Bh4 (34. Bxf4 e2+ 35. Kh1 Nb2 $11) 34... g5) 34. Kf1 $18 g5 35. f4 g4 36. Rb8 d4 $2 (36... Be7 37. Ke2 h4) 37. cxd4 {[%emt 0:00:12] White is clearly winning.} Bxd4 38. Be1 Kc7 39. Rf8 Nb3 40. Ke2 Bc5 41. Rf7+ Kd6 42. a5 Ke6 43. Rb7 Nc1+ 44. Kd1 Nd3 45. g3 {[%emt 0:01:38] [#] aiming for a6.} Bd4 46. a6 Kd5 {Weighted Error Value: White=0.09 (flawless) /Black=0.35} 1-0